 Dungeon Crawl Stone Soup version 0.30-a0-1082-g70414cbcbb (webtiles) character file.

Game seed: 16401870186509708920

100 jimonade the Grasshopper (level 4, -4/29 HPs)
             Began as an Octopode Warper on Apr 15, 2023.
             Was an Initiate of Cheibriados.
             Slain by an ogre
             ... wielding a +0 giant spiked club
              (10 damage)
             ... on level 4 of the Dungeon on Apr 16, 2023.
             The game lasted 00:05:45 (2602 turns).

jimonade the Grasshopper (Octopode Warper)          Turns: 2602, Time: 00:05:46

Health: -4/29      AC:  2    Str: 13    XL:     4   Next: 74%
Magic:  7/7        EV: 13    Int: 16    God:    Cheibriados [......]
Gold:   164        SH:  0    Dex: 12    Spells: 3/7 levels left

rFire   . . .      SeeInvis +    a - +0 hand axe
rCold   . . .      Faith    .    (no shield)
rNeg    . . .      Spirit   .    o - +1 hat
rPois   .          Reflect  .    (no amulet)
rElec   .          Rampage  .    f - ring of see invisible
rCorr   .                        (no ring)
Will    .....                    (no ring)
Stlth   +++                      (no ring)
HPRegen 0.24/turn                (no ring)
MPRegen 0.10/turn                (no ring)
                                 (no ring)
                                 (no ring)

@: very slow
A: almost no armour, amphibious, 8 rings, camouflage 1, gelatinous body 1,
(nimble swimmer 1), tentacles
a: Renounce Religion


You were on level 4 of the Dungeon.
You worshipped Cheibriados.
Cheibriados was noncommittal.
You visited 2 branches of the dungeon, and saw 5 of its levels.

You collected 164 gold pieces.

Inventory:

Hand Weapons
 a - a +0 hand axe (weapon)
Missiles
 c - 7 boomerangs of dispersal
 g - 4 poisoned darts (quivered)
 m - 6 boomerangs
Armour
 o - a +1 hat (worn)
Magical Staves
 p - a staff of earth
Jewellery
 f - a ring of see invisible (left tentacle)
Scrolls
 b - 2 scrolls of blinking
 e - a scroll of acquirement {unknown}
 i - 3 scrolls of teleportation {unknown}
 j - 3 scrolls of identify {unknown}
 k - 2 scrolls of amnesia {unknown}
 l - a scroll of brand weapon {unknown}
 q - a scroll of vulnerability {unknown}
Potions
 d - 2 potions of brilliance {unknown}
 h - 2 potions of lignification {unknown}
 n - a potion of curing {unknown}
 r - a potion of attraction {unknown}
 s - 2 potions of might {unknown}


   Skills:
 + Level 2.2 Fighting
 + Level 2.8 Axes
 + Level 1.0 Throwing
 + Level 2.5 Dodging
 + Level 1.9 Stealth
 + Level 2.1 Spellcasting
 * Level 0.3 Summonings
 + Level 4.2 Translocations


You had 3 spell levels left.
You knew the following spells:

 Your Spells              Type           Power      Damage    Failure   Level
a - Blink                 Tloc           30%        N/A       5%          2
b - Lesser Beckoning      Tloc           30%        N/A       5%          2

Your spell library contained the following spells:

 Spells                   Type           Power      Damage    Failure   Level
 Teleport Other           Tloc           15%        N/A       11%         3
 Foxfire                  Conj/Fire      4%         2x1d4     21%         1
 Magic Dart               Conj           4%         1d3       21%         1
 Call Imp                 Summ           4%         N/A       26%         2
 Vhi's Electric Charge    Tloc/Air       16%        N/A       26%         3
 Mephitic Cloud           Conj/Pois/Air  1%         N/A       52%         3
 Manifold Assault         Tloc           15%        N/A       36%         4
 Fireball                 Conj/Fire      0%         3d3       99%         5
 Plasma Beam              Fire/Air       0%         2x1d11    100%        6
 Starburst                Conj/Fire      0%         6d3       100%        6


Dungeon Overview and Level Annotations

Branches:
Dungeon (4/15)             Temple (1/1) D:4

Altars:
Ashenzari
Cheibriados
Elyvilon
Fedhas
Kikubaaqudgha
Makhleb
Nemelex Xobeh
Okawaru
Qazlal
Trog
Uskayaw
Vehumet
Wu Jian
Xom
Zin
The Shining One

Annotations:
D:2 exclusion: 2 downstairs
D:3 1 transporter, Grinder


Innate Abilities, Weirdness & Mutations

You cannot wear most types of armour.
You are amphibious.
You can wear up to eight rings at the same time.
Your skin changes colour to match your surroundings (Stealth+).
Your rubbery body absorbs attacks. (AC +1, EV +1)
((You are camouflaged when in or above water. (Stealth+)))
You have tentacles for arms and can constrict up to eight enemies at once.


Message History

You climb upwards.
Welcome back to the Dungeon!
There is a staircase to the Ecumenical Temple here.
You see here a +0 leather armour.
There is an open door here.
An ogre comes into view. It is wielding a +0 giant spiked club.
Throw: 7 darts (poison)
Press: ? - help, Q - select action, (/) - cycle Shift-Dir - straight line, f - ogre
Aim: an ogre, wielding a +0 giant spiked club (asleep, 98% to hit)
You throw a poisoned dart. The poisoned dart hits the ogre.
The ogre is poisoned.
The ogre shouts!
Throw: 6 darts (poison)
Press: ? - help, Q - select action, (/) - cycle Shift-Dir - straight line, f/p - ogre
Aim: an ogre, wielding a +0 giant spiked club (poisoned, 73% to hit)
You throw a poisoned dart. The poisoned dart hits the ogre.
Throw: 5 darts (poison)
Press: ? - help, Q - select action, (/) - cycle Shift-Dir - straight line, f/p - ogre
Aim: an ogre, wielding a +0 giant spiked club (lightly wounded, poisoned, 73% to hit)
You throw a poisoned dart. The poisoned dart hits the ogre.
The ogre looks even sicker.
The ogre is lightly wounded.
You hit the ogre.
The ogre is moderately wounded.
The ogre hits you with a +0 giant spiked club!
You hit the ogre. You squeeze the ogre.
The ogre is heavily wounded.
You hit the ogre. You squeeze the ogre, but do no damage.
The ogre is severely wounded.
The ogre misses you.
You barely miss the ogre.
The ogre is severely wounded.
The ogre closely misses you.
You hit the ogre but do no damage. Your squeeze misses the ogre.
The ogre is severely wounded.
The ogre hits you with a +0 giant spiked club!
* * * LOW HITPOINT WARNING * * *
You hit the ogre.
The ogre is almost dead.
The ogre hits you with a +0 giant spiked club!
You die...

#... #... #... #### #...
#.!# .... #..# #...
#..#♣#(# #..O(..♣
#.....#. # #.@# #..#..#.
#.##.# #..#..#. #....#
#..#..#. #####.# #..#..#.
#.....## #..#..#.
#......## #..#..#.
#.......###.. #..#..#.
#............ #.......
########'#########..##...


You could see an ogre (poisoned).

Vanquished Creatures
  3 adders
  2 dart slugs (D:1)
  6 bats
  3 endoplasms
  5 giant cockroaches
  6 goblins
  6 hobgoblins
  6 jackals
  6 kobolds
  3 quokkas
  6 ball pythons
  6 frilled lizards
  9 rats
67 creatures vanquished.

Notes
Turn   | Place    | Note
-------+----------+-------------------------------------------
     0 | D:1      | jimonade the Octopode Warper began the quest for the Orb.
     0 | D:1      | Reached XP level 1. HP: 14/14 MP: 3/3
   130 | D:1      | Reached XP level 2. HP: 19/19 MP: 5/5
   178 | D:1      | Noticed a shining eye
   192 | D:1      | Found a faded altar of an unknown god.
   194 | D:1      | Noticed a shining eye
   194 | D:1      | Noticed a shining eye
   194 | D:1      | Noticed a great orb of eyes
   483 | D:1      | Reached XP level 3. HP: 19/24 MP: 6/6
   854 | D:1      | Learned a level 2 spell: Blink
   857 | D:1      | Learned a level 2 spell: Lesser Beckoning
   937 | D:2      | Reached skill level 4 in Translocations
  1062 | D:2      | Found a white marble altar of Elyvilon.
  1238 | D:2      | Reached skill level 1 in Stealth
  1295 | D:2      | Reached XP level 4. HP: 29/29 MP: 7/7
  2058 | D:3      | Noticed Grinder
  2066 | D:3      | Paralysed by Grinder for 3 turns
  2196 | D:3      | Found a transporter.
  2405 | D:4      | Found a staircase to the Ecumenical Temple.
  2475 | Temple   | Entered the Ecumenical Temple
  2501 | Temple   | Became a worshipper of Cheibriados the Contemplative
  2593 | D:4      | Noticed an ogre
  2602 | D:4      | Slain by an ogre

Illustrated notes

Levels and vault maps discovered:
D:1:      dpeg_arrival_tiny_a, layout_basic,
          hellmonk_ecumenical_altar_watching_god, minmay_indecisive_spiral
D:2:      layout_loops_corners, basic_altar
D:3:      layout_rooms, serial_shops, nicolae_shop_drivethru,
          nicolae_concentric_dashed_squares_mild, minmay_between, uniq_sigmund,
          uniq_grinder
D:4:      layout_basic, amethyst_overflow_temple_binary,
          grunt_dithmenos_smoke_and_mirrors, minmay_temple_entry_stoned_glass,
          minmay_shop_mass, minmay_pentomino_pile, uniq_menkaure
Temple:   nicolae_temple_x_marks_the_god

Skill      XL: |  1  2  3 |
---------------+----------+-----
Translocations | 4 |  4.2
Stealth        | 1 |  1.9
Fighting       | |  2.2
Axes           | |  2.8
Throwing       | |  1.0
Dodging        | |  2.5
Spellcasting   | |  2.1
Summonings     | |  0.3

Action                     |  1- 3 |  4- 6 || total
---------------------------+-------+-------++-------
  Melee: Hand axe          |    74 |    55 ||   129
         Constrict         |    19 |    10 ||    29
         Tentacles         |    15 |    11 ||    26
         Punch             |       |     1 ||     1
  Throw: Dart              |       |     3 ||     3
   Stab: Sleeping          |     8 |    11 ||    19
         Distracted        |     1 |       ||     1
 Armour: Skin              |     7 |     4 ||    11
  Dodge: Dodged            |    64 |    30 ||    94

Table legend: (Time is in decaauts)
 A = Elapsed time spent in this place.
 B = Non-inter-level travel time spent in this place.
 C = Inter-level travel time spent in this place.
 D = Time resting spent in this place.
 E = Time spent auto-exploring this place.
 F = Levels seen in this place.
 G = Mean time per level.
                   A        B        C        D        E       F      G
               +--------+--------+--------+--------+--------+-----+--------+
         Total |   2652 |   2464 |    188 |     78 |   1735 |   5 |  530.4 |
       Dungeon |   2563 |   2383 |    180 |     78 |   1669 |   4 |  640.8 |
        Temple |     89 |     81 |      8 |      0 |     65 |   1 |   89.0 |
               +--------+--------+--------+--------+--------+-----+--------+

Top non-repeatable levels by time:
     D:2: 1083 daAuts
     D:1: 944 daAuts
     D:4: 325 daAuts
     D:3: 209 daAuts
  Temple: 89 daAuts
